 Dungeon Crawl Stone Soup version 0.25.0-37-gb73750e0fb (webtiles) character file.

Game seed: 7252708701310203209

124 ANON1729 the Ducker (level 4, 0/24 HPs)
             Began as a Spriggan Abyssal Knight on July 8, 2020.
             Was a Believer of Lugonu.
             Slain by a jackal (2 damage)
             ... on level 4 of the Dungeon.
             The game lasted 00:03:46 (2791 turns).

ANON1729 the Ducker (Spriggan Abyssal Knight)       Turns: 2791, Time: 00:03:46

Health: 0/24       AC:  2    Str:  8    XL:     4   Next: 81%
Magic:  6/6        EV: 20    Int: 13    God:    Lugonu [**....]
Gold:   81         SH:  0    Dex: 16    Spells: 3/3 levels left

rFire    . . .     SeeInvis +   a - +1 short sword
rCold    . . .     Gourm    .   (shield restricted)
rNeg     . . .     Faith    .   b - +0 robe
rPois    .         Spirit   .   (helmet restricted)
rElec    .         Reflect  .   (no cloak)
rCorr    .         Harm     .   (gloves unavailable)
MR       .....                  (boots unavailable)
Stlth    ++........             (no amulet)
HPRegen  0.08/turn              (no ring)
MPRegen  0.10/turn              (no ring)

@: very quick
A: very small, unfitting armour, see invisible, herbivore, speed 3, slow
metabolism 2
a: Depart the Abyss, Bend Space, Renounce Religion


You were on level 4 of the Dungeon.
You worshipped Lugonu.
Lugonu was pleased with you.
You were not hungry.

You visited 1 branch of the dungeon, and saw 4 of its levels.
You visited the Abyss 1 time.

You collected 81 gold pieces.

Inventory:

Hand Weapons
 a - a +1 short sword (weapon)
Missiles
 f - 28 poisoned darts (quivered)
Armour
 b - a +0 robe (worn)
Jewellery
 p - a cursed amulet of inaccuracy {unknown}
Wands
 l - a wand of polymorph (9)
Scrolls
 e - a scroll of magic mapping {unknown}
 h - a scroll of random uselessness {unknown}
 k - 4 scrolls of identify {unknown}
 m - a scroll of remove curse {unknown}
 n - a scroll of enchant armour {unknown}
Potions
 d - a potion of brilliance {unknown}
 g - a potion of might
 i - a potion of curing {unknown}
 j - a potion of haste {unknown}
 o - a potion of heal wounds {unknown}
Comestibles
 c - 4 rations


   Skills:
 + Level 3.1 Fighting
 + Level 3.2 Short Blades
 + Level 4.7 Dodging
 + Level 2.4 Stealth
 + Level 2.4 Invocations


You had 3 spell levels left.
You didn't know any spells.
Your spell library was empty.

Dungeon Overview and Level Annotations

Branches:
Dungeon (4/15)
 Temple: D:4-7

Altars:
Dithmenos
Sif Muna
Xom
Yredelemnul

Annotations:
D:3 Grinder


Innate Abilities, Weirdness & Mutations

You are very small and have problems with some larger weapons.
You are too small for most types of armour.
You have supernaturally acute eyesight. (SInv)
You are a herbivore.
You cover ground extremely quickly.
You need to consume almost no food.


Message History

An orc comes into view.
It is wearing a +2 scale mail of positive energy.
You kill the scorpion!
Lugonu accepts your kill.
Your Stealth skill increases to level 2!
The jackal closely misses you.
Found 18 gold pieces.
There is a shaft here.
The jackal falls through a shaft!
The shaft crumbles and collapses.
You hit the jackal.
The jackal is heavily wounded.
The jackal barely misses you.
The jackal bites you but does no damage.
You hit the jackal but do no damage.
The jackal is heavily wounded.
The jackal barely misses you.
You barely miss the jackal.
The jackal is heavily wounded.
The jackal bites you but does no damage.
The jackal bites you.
You die...

#.....##...#.###
#..........#....
##....#.......$.
######....##...
#....# .. #o...#
# #....# #h...#
#@...# #....#
#....# ##+###


You could see an orc and a jackal.

Vanquished Creatures
  A scorpion (D:4)
  3 adders
  A worm (D:3)
  2 dart slugs
  2 leopard geckos
  An orc (D:3)
  9 bats
  2 giant cockroaches
  3 hobgoblins
  3 quokkas
  A ball python (D:1)
  4 frilled lizards
  5 goblins
  5 kobolds
  3 rats
45 creatures vanquished.

Vanquished Creatures (others)
  2 starspawn tentacles (Abyss:1)
2 creatures vanquished.

Grand Total: 47 creatures vanquished

Notes
Turn   | Place    | Note
-------+----------+-------------------------------------------
     0 | Abyss:1  | ANON1729 the Spriggan Abyssal Knight began the quest for
                  | the Orb.
     0 | Abyss:1  | Reached XP level 1. HP: 11/11 MP: 3/3
    49 | Abyss:1  | Found a corrupted altar of Lugonu.
   171 | Abyss:1  | Noticed a tentacled starspawn
   184 | Abyss:1  | Noticed a storm dragon simulacrum
   197 | D:1      | Escaped the Abyss
   211 | D:1      | Noticed an electric eel
   339 | D:1      | Reached * piety under Lugonu
   575 | D:1      | Reached XP level 2. HP: 16/16 MP: 4/4
  1056 | D:2      | Found a shadowy altar of Dithmenos.
  1061 | D:2      | Found a shimmering altar of Xom.
  1064 | D:2      | Reached skill level 4 in Dodging
  1114 | D:2      | Found a basalt altar of Yredelemnul.
  1166 | D:2      | Reached XP level 3. HP: 5/19 MP: 5/5
  1243 | D:2      | Found a shimmering blue altar of Sif Muna.
  1581 | D:2      | Reached skill level 1 in Stealth
  2211 | D:3      | Reached ** piety under Lugonu
  2392 | D:3      | Reached XP level 4. HP: 5/24 MP: 6/6
  2409 | D:3      | HP: 1/24 [poisoned by an adder]
  2741 | D:3      | Noticed Grinder
  2766 | D:4      | HP: 1/24 [scorpion (6)]
  2791 | D:4      | Slain by a jackal

Illustrated notes

Levels and vault maps discovered:
D:1:      arrival_aquarium_a, layout_basic, minmay_tromino_i2
D:2:      layout_rooms, gammafunk_temple_overflow_forgotten,
          lemuel_crystal_altar, first_ration
D:3:      layout_rooms, st_stairs_11, uniq_grinder
D:4:      layout_basic, minmay_temple_entry_poolview, ebering_ghost_inner_flame,
          minmay_door_square, minmay_misc_feat_columns

Skill      XL: |  1  2  3  4 |
---------------+-------------+-----
Dodging        | 4 |  4.7
Invocations    | 2 |  2.4
Stealth        | 1 2 |  2.4
Fighting       | 3 |  3.1
Short Blades   | 3 |  3.2

Action                   |  1- 3 |  4- 6 || total
-------------------------+-------+-------++-------
Melee: Short sword       |   151 |    21 ||   172
Throw: Dart              |       |     1 ||     1
Invok: Depart the Abyss  |     1 |       ||     1
  Use: Potion            |     1 |       ||     1
 Stab: Sleeping          |     4 |     1 ||     5
Armor: Robe              |    15 |     2 ||    17
Dodge: Dodged            |   149 |    14 ||   163
